 Dungeon Crawl Stone Soup version 0.32-a0-931-g5a2cda0630 (webtiles) character file.

Game seed: 13298635748677464765

9526 SageDae the Bludgeoner (level 11, -25/117 HPs)
             Began as an Oni Gladiator on Apr 14, 2024.
             Was an Elder of Okawaru.
             Annihilated by a two-headed ogre
             ... wielding a +0 giant club
              (35 damage)
             ... on level 11 of the Dungeon.
             The game lasted 00:13:46 (10280 turns).

SageDae the Bludgeoner (Oni Gladiator)             Turns: 10280, Time: 00:13:47

Health: -25/117    AC: -4    Str: 24    XL:     11   Next: 47%
Magic:  11/11      EV: 16    Int:  9    God:    Okawaru [****..]
Gold:   760        SH:  0    Dex: 10    Spells: 10/10 levels left

rFire   + . .        b - +5 woodcutter's axe
rCold   . . .        (shield currently unavailable)
rNeg    . . .        i - +2 robe {rF+}
rPois   .            c - +1 hat
rElec   .            f - +1 cloak
rCorr   .            (gloves unavailable)
SInv    .            (boots unavailable)
Will    +....        (no amulet)
Stlth   +            h - +5 ring of evasion
HPRegen 0.39/turn    t - +4 ring of slaying
MPRegen 0.12/turn

%: no passive effects
@: corroded
A: large, unfitting armour, horns 1, tough skin 1, double potion healing,
drunken brawling
a: Renounce Religion, Heroism, Finesse


You were on level 11 of the Dungeon.
You worshipped Okawaru.
Okawaru was greatly pleased with you.
You visited 2 branches of the dungeon, and saw 12 of its levels.
You also visited: Bailey.

You collected 1394 gold pieces.
You spent 634 gold pieces at shops.

Inventory:

Hand Weapons
 a - a +2 flail of holy wrath
 b - the +5 woodcutter's axe (weapon)
   (You took it off a gnoll on level 4 of the Dungeon)
 s - a +2 flail of protection
 w - a +1 giant spiked club
Missiles
 d - 3 throwing nets (quivered)
 e - 6 large rocks
Armour
 c - a +1 hat (worn)
 f - a +1 cloak (worn)
 i - a +2 robe of fire resistance (worn)
Jewellery
 h - a +5 ring of evasion (left hand)
 l - a ring of poison resistance
 n - a ring of flight
 r - a ring of see invisible
 t - a +4 ring of slaying (right hand)
 B - a ring of protection from cold
 I - an amulet of the acrobat
Wands
 v - a wand of light (13)
 y - a wand of flame (48)
 A - a wand of mindburst (32)
Scrolls
 p - 2 scrolls of teleportation
 x - a scroll of poison
 z - a scroll of revelation
 C - 3 scrolls of fog
 D - 4 scrolls of fear
 G - a scroll of enchant weapon
 H - a scroll of vulnerability
Potions
 g - 3 potions of curing
 j - 4 potions of mutation
 k - 6 potions of haste
 m - 3 potions of might
 o - 2 potions of magic {unknown}
 q - a potion of resistance {unknown}
 u - 3 potions of invisibility {unknown}
Miscellaneous
 E - a condenser vane


   Skills:
 - Level 10.0 Fighting
 - Level 16.0 Maces & Flails
 * Level 2.4 Throwing
 + Level 9.6 Dodging


You had 10 spell levels left.
You didn't know any spells.
Your spell library contained the following spells:

 Spells                   Type           Power      Damage    Failure   Level
 Apportation              Tloc           0%         N/A       38%         1
 Kiss of Death            Conj/Necr      0%         2d5       38%         1
 Necrotise                Necr           0%         1d4       38%         1
 Slow                     Hex            0%         N/A       38%         1
 Sting                    Conj/Alch      0%         1d3       38%         1
 Ensorcelled Hibernation  Hex/Ice        0%         N/A       52%         2
 Lesser Beckoning         Tloc           0%         N/A       52%         2
 Mercury Vapours          Alch/Air       0%         N/A       52%         2
 Sublimation of Blood     Necr           0%         N/A       52%         2
 Confusing Touch          Hex            0%         N/A       77%         3
 Maxwell's Portable Pile  Tloc           0%         2d(5-13)  77%         3
 Mephitic Cloud           Conj/Alch/Air  0%         N/A       77%         3
 Passwall                 Erth           0%         N/A       77%         3
 Teleport Other           Tloc           0%         N/A       77%         3
 Vampiric Draining        Necr           0%         2d6       77%         3
 Volatile Blastmotes      Fire/Tloc      0%         2d10      77%         3
 Cause Fear               Hex            0%         N/A       99%         4
 Dispel Undead            Necr           0%         3d6       99%         4
 Petrify                  Alch/Erth      0%         N/A       99%         4
 Vhi's Electric Charge    Tloc/Air       0%         N/A       99%         4
 Freezing Cloud           Conj/Ice/Air   0%         6-21      100%        5
 Irradiate                Conj/Alch      0%         3d11      100%        5
 Bombard                  Conj/Erth      0%         9d1       100%        6
 Orb of Destruction       Conj           0%         9d5       100%        7
 Chain Lightning          Conj/Air       0%         N/A       100%        9
 Fire Storm               Conj/Fire      0%         5d1       100%        9
 Shatter                  Erth           0%         3d5*      100%        9
 Summon Small Mammal      Summ           Unusable   N/A       N/A         1
 Summon Blazeheart Golem  Fire/Summ      Unusable   N/A       N/A         4
 Summon Mana Viper        Hex/Summ       Unusable   N/A       N/A         5
 Spellforged Servitor     Conj/Summ      Unusable   N/A       N/A         7

Dungeon Overview and Level Annotations

Branches:
Dungeon (11/15)            Temple (1/1) D:7            Lair (0/5) D:10
    Orc (0/2) D:10         Bailey (visited)

Altars:
Ashenzari
Cheibriados
Dithmenos
Elyvilon
Fedhas
Gozag
Hepliaklqana
Kikubaaqudgha
Makhleb
Nemelex Xobeh
Okawaru
Qazlal
Ru
Sif Muna
Trog
Uskayaw
Vehumet
Wu Jian
Xom
Yredelemnul
Zin
The Shining One

Shops:
D:2 [   D:8 **   D:10 =


Innate Abilities, Weirdness & Mutations

You are too large for most types of armour.
You have a pair of small horns on your head.
You have tough skin. (AC +1)
You gain doubled healing and magic from potions.
Whenever you drink a healing potion, you attack all around you.


Message History

You slash the rust devil! Your headbutt misses the rust devil.
The rust devil is heavily wounded.
You feel very sick.
You hear a shout!
The orange demon barely misses you.
An orc comes into view. It is wielding a +0 mace.
The orc warrior closely misses you. The rust devil misses you.
You barely miss the rust devil.
The rust devil is heavily wounded.
You feel very sick. The orange demon closely misses you.
The orc warrior hits you from afar with a +0 halberd!!
* * * LOW HITPOINT WARNING * * *
The rust devil barely misses you.
You take a swig of the potion and twirl the +5 woodcutter's axe.
You hit the rust devil but do no damage.
The rust devil is heavily wounded.
You savour every drop.
You feel better. The orange demon stings you from afar.
The orc warrior hits you from afar with a +0 halberd!
* * * LOW HITPOINT WARNING * * *
The rust devil closely misses you.
As you read the scroll of teleportation, it crumbles to dust.
You feel strangely unstable. The orange demon stings you from afar.
* * * LOW HITPOINT WARNING * * *
The orc warrior barely misses you. The rust devil hits you.
* * * LOW HITPOINT WARNING * * *
The rust devil corrodes you!
Unknown command.
A troll comes into view.
An orc priest comes into view. It is wielding a +0 flail.
The rust devil attacks as it pursues you!
The rust devil closely misses you.
Your surroundings suddenly seem different.
Found a stone staircase leading down and a stone staircase leading up.
A two-headed ogre and 2 yaks come into view.
The rust devil screeches!
The yak bellows!
You hear a shout!
The troll barely misses you. The troll misses you. The troll claws you!
* * * LOW HITPOINT WARNING * * *
The two-headed ogre hits you with a +0 giant club!!
You die...

.. ... ..##### ...
..###.#.#.#. ....
⌠. .....#......
..... .!
...Y.......##.....
###.
#Y..........<..
#... #.........O.#
#... ##........@.#
#. ##.........T.#
#. #............#
### ............##
... .............#
.....
........#$4###
......
....>#..##..#####
#..... .###
#####4.....#
##.....
###......#####
....##


You could see a two-headed ogre, an orange demon, a rust devil, a yak and a
troll.

Vanquished Creatures
  A two-headed ogre (Bailey)
  A rime drake (D:10)
  An ice devil (D:11)
  Psyche (D:9)
  2 polar bears (D:10)
  A hornet (D:8)
  2 spriggans (Bailey)
  A wraith (D:11)
  14 yaks
  Grum (D:10)
  A wyvern (D:9)
  A steam dragon (Bailey)
  Duvessa (D:7)
  2 water moccasins
  2 orc warriors (D:10)
  A swamp drake (D:10)
  A sky beast (D:6)
  2 ice beasts (D:10)
  2 black bears
  6 ogres
  2 centaurs
  5 wolves (D:10)
  3 kobold brigands
  4 bullfrogs
  2 gnoll sergeants
  3 scorpions
  7 wights
  Dowan (D:7)
  5 bombardier beetles
  2 jellies
  3 orc priests (D:10)
  2 gnoll boudas
  5 hounds
  2 iguanas
  15 orc wizards
  3 sleepcaps
  22 gnolls
  4 adders
  2 shadow imps
  3 white imps
  4 ufetubi
  2 dart slugs (D:1)
  33 orcs
  2 endoplasms
  4 giant cockroaches
  8 goblins
  5 hobgoblins
  6 jackals
  20 kobolds
  4 quokkas
  9 ball pythons
  6 bats
  2 frilled lizards
  8 rats
252 creatures vanquished.

Vanquished Creatures (others)
  A human (D:10)
1 creature vanquished.

Grand Total: 253 creatures vanquished

Notes
Turn   | Place    | Note
-------+----------+-------------------------------------------
     0 | D:1      | SageDae the Oni Gladiator began the quest for the Orb.
     0 | D:1      | Reached XP level 1. HP: 22/22 MP: 1/1
   194 | D:1      | Reached XP level 2. HP: 29/29 MP: 2/2
   612 | D:2      | Reached XP level 3. HP: 37/37 MP: 3/3
  1168 | D:2      | Found Impyaj's Antique Armour Boutique.
  1280 | D:2      | Identified a scroll of acquirement
  1280 | D:2      | Acquired 639 gold pieces
  1315 | D:2      | Bought a runed robe for 114 gold pieces
  1551 | D:3      | Found a burning altar of Makhleb.
  1556 | D:3      | Reached skill level 4 in Maces & Flails
  1570 | D:3      | Reached XP level 4. HP: 39/48 MP: 4/4
  1725 | D:3      | Found a faded altar of an unknown god.
  1996 | D:3      | Reached XP level 5. HP: 38/54 MP: 5/5
  2286 | D:4      | Reached skill level 5 in Maces & Flails
  2291 | D:4      | Reached XP level 6. HP: 59/63 MP: 6/6
  2521 | D:4      | Reached skill level 5 in Fighting
  2600 | D:4      | Reached XP level 7. HP: 67/72 MP: 7/7
  2751 | D:4      | Reached skill level 6 in Maces & Flails
  3447 | D:5      | Entered Level 5 of the Dungeon
  3914 | D:5      | Reached XP level 8. HP: 83/83 MP: 8/8
  4010 | D:5      | Reached skill level 7 in Maces & Flails
  4042 | D:5      | Got Dopn's Incunable of Momentum and Curses
  4114 | D:5      | Reached skill level 5 in Dodging
  4166 | D:5      | Acquired a manual of Maces & Flails
  4303 | D:6      | Reached skill level 8 in Maces & Flails
  4409 | D:6      | Reached skill level 9 in Maces & Flails
  4466 | D:6      | Reached XP level 9. HP: 71/94 MP: 9/9
  4567 | D:6      | Reached skill level 10 in Maces & Flails
  5297 | D:7      | Noticed Duvessa
  5298 | D:7      | Noticed Dowan
  5305 | D:7      | Killed Duvessa
  5324 | D:7      | Killed Dowan
  5397 | D:7      | Found a staircase to the Ecumenical Temple.
  5406 | Temple   | Entered the Ecumenical Temple
  5422 | Temple   | Became a worshipper of Warmaster Okawaru
  5570 | D:7      | Reached skill level 11 in Maces & Flails
  5575 | D:7      | Reached * piety under Okawaru
  5585 | D:7      | Reached skill level 12 in Maces & Flails
  6248 | D:8      | Reached XP level 10. HP: 101/107 MP: 10/10
  6347 | D:8      | Found Pavexar's Assorted Antiques.
  6391 | D:8      | Found a glowing golden altar of the Shining One.
  6478 | D:8      | Found Zoasuhu's Gadget Gallery.
  6483 | D:8      | Bought a condenser vane for 520 gold pieces
  6497 | D:8      | You fall into a shaft and drop 3 floors!
  6506 | D:10     | Entered Level 10 of the Dungeon
  6630 | D:10     | Found a staircase to the Lair.
  6651 | D:10     | Reached skill level 13 in Maces & Flails
  6759 | D:10     | Identified the +0 chain mail "Xusah" {Dex+3}
  6962 | D:9      | Reached ** piety under Okawaru
  7015 | D:9      | Noticed Psyche
  7019 | D:9      | Killed Psyche
  7035 | D:9      | Found a flagged portal.
  7041 | D:9      | Reached skill level 10 in Fighting
  7070 | Bailey   | Entered a bailey
  7391 | Bailey   | Reached skill level 14 in Maces & Flails
  7561 | Bailey   | Noticed a two-headed ogre
  7664 | Bailey   | Killed a two-headed ogre
  7664 | Bailey   | Reached *** piety under Okawaru
  8137 | D:9      | Reached skill level 15 in Maces & Flails
  8614 | D:10     | Noticed Grum
  8631 | D:10     | Reached XP level 11. HP: 79/117 MP: 11/11
  8639 | D:10     | Killed Grum
  8642 | D:10     | Reached **** piety under Okawaru
  9176 | D:10     | Found an ancient bone altar of Kikubaaqudgha.
  9212 | D:10     | Found Roasa's Jewellery Shop.
  9439 | D:10     | Reached skill level 16 in Maces & Flails
  9569 | D:10     | Found a hazy altar of Hepliaklqana.
  9863 | D:10     | Found a staircase to the Orcish Mines.
 10277 | D:11     | Noticed a two-headed ogre
 10280 | D:11     | Annihilated by a two-headed ogre

Illustrated notes

Levels and vault maps discovered:
D:1:      matt_arrival_los_fun, layout_rooms, serial_bayou_lagoon_b
D:2:      layout_loops_ring, serial_shops, shop
D:3:      layout_rooms, bloody_makhleb, shapermc_ecumenical_altar_ellora,
          nicolae_the_louvre
D:4:      cheibrodos_old_hovel, layout_basic, pf_guarded_unrand_woodcutter
D:5:      layout_rooms, serial_library, serial_library_regret_index_headful,
          serial_library_hellmonk_statue_hall,
          serial_library_regret_index_small_wings,
          serial_library_hellmonk_room_a, serial_library_hellmonk_angled_corner,
          serial_library_hellmonk_small_corner,
          serial_library_regret_index_split_case
D:6:      layout_cave_pools
D:7:      layout_loops_corners, minmay_temple_entry_mist, chequers_jeans,
          uniq_duvessa
D:8:      layout_loops_cross, lemuel_crystal_altar, serial_shops, shop,
          nicolae_shop_gadgets
D:9:      layout_basic, enter_bailey_3, uniq_psyche
D:10:     layout_roguey, tgw_kikubaaqudgha, nzn_hepliaklqana_mist_gate,
          hellmonk_lair_entry_icy, erik_orc_1, serial_rivers,
          chequers_serial_rivers_room_b, chequers_serial_rivers_small_3,
          chequers_serial_rivers_room_b, chequers_serial_rivers_marsh,
          serial_shops, shop, minmay_unpleasant_kobolds, uniq_grum
D:11:     minmay_bloctagon_deflated, layout_cave_pools, serial_demonic,
          serial_demonic_f, serial_demonic_d, serial_demonic_e,
          serial_demonic_b, serial_demonic_e, serial_demonic_c,
          serial_demonic_d, serial_demonic_e
Temple:   hc_temple_tempest_star

Skill      XL: |  1  2  3  4  5  6  7  8  9 10 11 |
---------------+----------------------------------+-----
Fighting       | 3 4 5 6 7 9 10 | 10.0
Dodging        | 3 4 5 6 8 9 |  9.6
Maces & Flails | 4 5 6 9 12 15 16 | 16.0
Throwing       | |  2.4

Action                     |  1- 3 |  4- 6 |  7- 9 | 10-12 || total
---------------------------+-------+-------+-------+-------++-------
  Melee: Flail             |    63 |   115 |       |       ||   178
         Headbutt          |    11 |    26 |    28 |    44 ||   109
         Mace              |    18 |    10 |       |       ||    28
         Battleaxe         |       |       |   198 |   210 ||   408
    Use: Scroll            |     6 |     2 |     4 |     7 ||    19
         Potion            |       |       |       |     1 ||     1
   Stab: Sleeping          |     1 |       |     1 |       ||     2
 Armour: Robe              |    35 |    83 |    95 |   128 ||   341
  Dodge: Dodged            |    52 |   139 |   127 |   160 ||   478

Table legend: (Time is in decaauts)
 A = Elapsed time spent in this place.
 B = Non-inter-level travel time spent in this place.
 C = Inter-level travel time spent in this place.
 D = Time resting spent in this place.
 E = Time spent auto-exploring this place.
 F = Levels seen in this place.
 G = Mean time per level.
                   A        B        C        D        E       F      G
               +--------+--------+--------+--------+--------+-----+--------+
         Total |  10328 |   9959 |    369 |   1845 |   6426 |  13 |  794.5 |
       Dungeon |   9542 |   9203 |    339 |   1291 |   6424 |  11 |  867.5 |
        Temple |     32 |      2 |     30 |      0 |      0 |   1 |   32.0 |
        Bailey |    753 |    753 |      0 |    554 |      2 |   1 |  753.0 |
               +--------+--------+--------+--------+--------+-----+--------+

Top non-repeatable levels by time:
    D:10: 1613 daAuts
     D:4: 1437 daAuts
     D:7: 1181 daAuts
     D:9: 1095 daAuts
  Bailey: 753 daAuts
     D:5: 738 daAuts
     D:2: 737 daAuts
     D:3: 691 daAuts
     D:8: 642 daAuts
     D:6: 634 daAuts
     D:1: 616 daAuts
    D:11: 153 daAuts
  Temple: 32 daAuts
